 Dungeon Crawl Stone Soup version 0.29-a0-772-ga24da20 (webtiles) character file.

Game seed: 18363978001600451475

555 PurpleRed the Magician (level 7, 0/43 HPs)
             Began as a Deep Elf Brigand on July 3, 2022.
             Slain by an ice beast (8 damage)
             ... on level 4 of the Dungeon.
             The game lasted 00:11:40 (1528 turns).

PurpleRed the Magician (Deep Elf Brigand)           Turns: 1528, Time: 00:11:41

Health: 0/43       AC:  5    Str:  8    XL:     7   Next: 8%
Magic:  20/20      EV: 12    Int: 18    God:
Gold:   139        SH:  0    Dex: 29    Spells: 21/21 levels left

rFire   . . .      SeeInvis .   a - +2 dagger
rCold   . . .      Faith    .   (no shield)
rNeg    . . .      Spirit   .   r - +1 robe of the Meadowlark {Dex+7}
rPois   .          Reflect  .   q - +0 helmet
rElec   .          Harm     .   c - +0 cloak
rCorr   .          Rampage  .   (no gloves)
Will    .....                   (no boots)
Stlth   ++++......              (no amulet)
HPRegen 0.14/turn               h - +6 ring of dexterity
MPRegen 0.17/turn               (no ring)

@: no status effects
A: no striking features
a: no special abilities


You were on level 4 of the Dungeon.
You visited 1 branch of the dungeon, and saw 6 of its levels.

You collected 139 gold pieces.

Inventory:

Hand Weapons
 a - a +2 dagger (weapon)
 f - a +0 sling
Missiles
 d - 4 poisoned darts (quivered)
 e - a curare-tipped dart
 k - a silver javelin
 m - 3 boomerangs of dispersal
Armour
 b - a +0 robe
 c - a +0 cloak (worn)
 i - a +0 ring mail
 q - a +0 helmet (worn)
 r - the +1 robe of the Meadowlark (worn) {Dex+7}
   (You found it on level 5 of the Dungeon)

   Dex:       It affects your dexterity (+7).
Jewellery
 h - a +6 ring of dexterity (left hand)
Scrolls
 o - a scroll of vulnerability
Potions
 g - a potion of might
 j - 2 potions of berserk rage {unknown}
 l - 3 potions of brilliance
 n - a potion of heal wounds {unknown}
 p - a potion of degeneration {unknown}


   Skills:
 - Level 4.0 Fighting
 + Level 2.0 Short Blades
 - Level 2.0 Throwing
 + Level 1.2 Dodging
 + Level 4.8 Stealth
 - Level 7.8 Spellcasting


You had 21 spell levels left.
You didn't know any spells.
Your spell library was empty.

Dungeon Overview and Level Annotations

Branches:
Dungeon (6/15)
 Temple: D:4-7

Altars:
Ashenzari
Gozag
Hepliaklqana


Message History

The ice beast hits you but does no damage.
You closely miss the ice beast.
The ice beast is severely wounded.
The ice beast barely misses you.
You completely miss the ice beast.
The ice beast is severely wounded.
The ice beast hits you. The ice beast freezes you!
You closely miss the ice beast.
The ice beast is severely wounded.
The ice beast barely misses you.
You don't have any such object.
Fire/throw which item? ([*] to toggle full inventory view, [\] to toss any item) (? for menu, Esc to quit)
Okay, then.
Throw: 4 javelins (silver)
Press: ? - help, Shift-Dir - straight line, f/p - ice beast
Aim: an ice beast (severely wounded, 69% to hit)
You throw a silver javelin.
The silver javelin barely misses the ice beast.
The ice beast hits you. The ice beast freezes you!
* * * LOW HITPOINT WARNING * * *
Throw: 4 darts (poison)
Press: ? - help, Q - select action, (/) - cycle Shift-Dir - straight line, f/p - ice beast
Aim: an ice beast (severely wounded, 69% to hit)
Okay, then.
Throw: 3 javelins (silver)
Press: ? - help, Shift-Dir - straight line, f/p - ice beast
Aim: an ice beast (severely wounded, 69% to hit)
You throw a silver javelin.
The silver javelin pierces through the ice beast but does no damage.
The ice beast is severely wounded.
The ice beast hits you but does no damage.
Throw: 2 javelins (silver)
Press: ? - help, Shift-Dir - straight line, f/p - ice beast
Aim: an ice beast (severely wounded, 69% to hit)
You throw a silver javelin.
The silver javelin closely misses the ice beast.
The ice beast hits you.
* * * LOW HITPOINT WARNING * * *
The ice beast freezes you!
You die...

# #...........# #....#
###..........# #.....
#...........# #+### #.(.
#...........# ##...##
##.. #...........#
##.....## #..
##...>......##+##(.....$#
#..
#.........##..##[..8..)#
##..
##........#....#).....?#
#...
#........'...@##.....#
#...
##......###..#Y##..g#
#...
##....##.####..###'#+
#...
#...##....#....##..##
#... #
###.......#..(.'....#
#... ### ###......
##..##....# ##...
..####......# ######(.##
##..## #..##.....#
...#######..## ##.......#
........#..##


You could see an ice beast.

Vanquished Creatures
  2 black bears
  2 scorpions
  3 iguanas
  Jessica (D:2)
  2 orc wizards
  4 adders (D:4)
  2 dart slugs
  9 orcs
  4 ball pythons
  5 endoplasms
  3 giant cockroaches
  4 goblins
  3 hobgoblins
  4 jackals (D:1)
  4 kobolds (D:3)
  6 quokkas
  2 bats
  3 frilled lizards (D:1)
  2 rats
65 creatures vanquished.

Vanquished Creatures (others)
  11 plants (D:4)
11 creatures vanquished.

Grand Total: 76 creatures vanquished

Notes
Turn   | Place    | Note
-------+----------+-------------------------------------------
     0 | D:1      | PurpleRed the Deep Elf Brigand began the quest for the Orb.
     0 | D:1      | Reached XP level 1. HP: 12/12 MP: 3/3
   166 | D:1      | Reached skill level 1 in Spellcasting
   188 | D:1      | Reached XP level 2. HP: 7/17 MP: 4/6
   266 | D:2      | Found a faded altar of an unknown god.
   390 | D:2      | Reached skill level 2 in Spellcasting
   486 | D:3      | Reached XP level 3. HP: 16/21 MP: 8/8
   622 | D:2      | Noticed Jessica
   625 | D:2      | Killed Jessica
   626 | D:2      | Reached skill level 3 in Spellcasting
   680 | D:3      | Found a broken altar of Ashenzari.
   683 | D:3      | Found a hazy altar of Hepliaklqana.
   686 | D:3      | Found an opulent altar of Gozag.
   720 | D:3      | Reached XP level 4. HP: 21/27 MP: 11/11
   723 | D:4      | Noticed a black bear
   727 | D:4      | Killed a black bear
   728 | D:4      | Reached skill level 4 in Spellcasting
   728 | D:4      | Reached XP level 5. HP: 25/32 MP: 11/13
   852 | D:4      | Reached skill level 5 in Spellcasting
   953 | D:4      | Reached XP level 6. HP: 24/38 MP: 16/16
  1163 | D:5      | Entered Level 5 of the Dungeon
  1188 | D:5      | Reached skill level 6 in Spellcasting
  1358 | D:5      | Reached skill level 7 in Spellcasting
  1358 | D:5      | Reached XP level 7. HP: 27/43 MP: 18/20
  1464 | D:5      | Identified the +1 robe of the Meadowlark {Dex+7}
  1528 | D:4      | Slain by an ice beast

Illustrated notes

Levels and vault maps discovered:
D:1:      evilmike_arrival_fibonacci_small, layout_basic, serial_shops,
          nicolae_shop_trees, nicolae_concentric_dashed_squares_wild,
          minmay_misc_feat_alley, minmay_lizard_pond
D:2:      layout_loops_ring, ebering_ecumenical_altar_petrified, uniq_jessica,
          uniq_natasha
D:3:      layout_rooms, grunt_temple_overflow_diamond
D:4:      minmay_bubble_buster, layout_cave_pods, serial_bayou_ford_a
D:5:      layout_basic, serial_shops,
          nicolae_shop_temple_entry_statues_fountains
D:6:      layout_gridville, lemuel_doored_altar, minmay_manual_maat,
          uniq_menkaure, uniq_duvessa, uniq_maggie, uniq_grinder

Skill      XL: |  1  2  3  4  5  6 |
---------------+-------------------+-----
Spellcasting   | 1 2 3 4 5 7 |  7.8
Fighting       | 2 3 4 |  4.0
Short Blades   | |  2.0
Throwing       | |  2.0
Dodging        | |  1.2
Stealth        | |  4.8

Action                   |  1- 3 |  4- 6 |  7- 9 || total
-------------------------+-------+-------+-------++-------
Melee: Dagger            |    82 |    82 |    35 ||   199
       Punch             |     1 |       |     1 ||     2
Throw: Dart              |    18 |    26 |     5 ||    49
       Javelin           |       |       |     5 ||     5
  Use: Scroll            |       |     7 |       ||     7
       Potion            |       |     1 |       ||     1
 Stab: Sleeping          |     5 |     4 |     1 ||    10
Armor: Robe              |     5 |       |     5 ||    10
       Ring mail         |    17 |    31 |     4 ||    52
Dodge: Dodged            |    35 |    38 |    18 ||    91

Table legend: (Time is in decaauts)
 A = Elapsed time spent in this place.
 B = Non-inter-level travel time spent in this place.
 C = Inter-level travel time spent in this place.
 D = Time resting spent in this place.
 E = Time spent auto-exploring this place.
 F = Levels seen in this place.
 G = Mean time per level.
                   A        B        C        D        E       F      G
               +--------+--------+--------+--------+--------+-----+--------+
         Total |   1504 |   1504 |      0 |      0 |      3 |   6 |  250.7 |
       Dungeon |   1504 |   1504 |      0 |      0 |      3 |   6 |  250.7 |
               +--------+--------+--------+--------+--------+-----+--------+

Top non-repeatable levels by time:
     D:4: 416 daAuts
     D:3: 314 daAuts
     D:5: 308 daAuts
     D:1: 258 daAuts
     D:2: 204 daAuts
     D:6: 1 daAuts
